 Dungeon Crawl Stone Soup version 0.23.2-40-g277498a (webtiles) character file.

Game seed: 14908656669008459396

135 Balder the Skirmisher (level 5, -5/48 HPs)
             Began as a Hill Orc Fighter on Sept 11, 2019.
             Slain by an orc warrior
             ... wielding a +0 long sword
              (15 damage)
             ... on level 3 of the Dungeon.
             The game lasted 00:05:05 (1769 turns).

Balder the Skirmisher (Hill Orc Fighter)            Turns: 1769, Time: 00:05:05

Health: -5/48      AC:  9    Str: 19    XL:     5   Next: 18%
Magic:  5/5        EV:  5    Int:  8    God:
Gold:   58         SH:  9    Dex: 11    Spells: 4/4 levels left

rFire    . . .     SeeInvis .   a - +0 war axe
rCold    . . .     Gourm    .   c - +0 shield
rNeg     . . .     Faith    .   e - +0 chain mail
rPois    .         Spirit   .   (no helmet)
rElec    .         Reflect  .   (no cloak)
rCorr    .         Harm     .   (no gloves)
MR       .....                  (no boots)
Stlth    ..........             (no amulet)
HPRegen  0.16/turn              (no ring)
MPRegen  0.09/turn              (no ring)

@: no status effects
A: no striking features
a: no special abilities


You were on level 3 of the Dungeon.
You were not hungry.

You visited 1 branch of the dungeon, and saw 3 of its levels.

You collected 58 gold pieces.

Inventory:

Hand Weapons
 a - a +0 war axe (weapon)
Missiles
 g - 5 tomahawks (quivered)
Armour
 c - a +0 shield (worn)
 e - a +0 chain mail (worn)
Scrolls
 h - 2 scrolls of teleportation {unknown}
 i - a scroll of fear {unknown}
 j - 3 scrolls of noise {unknown}
Potions
 b - a potion of curing {unknown}
 d - a potion of might
 k - a potion of haste {unknown}
Comestibles
 f - 5 rations
 l - 4 chunks of flesh


   Skills:
 * Level 5.0 Fighting
 * Level 4.8 Axes
 * Level 3.7 Armour
 * Level 3.7 Shields


You had 4 spell levels left.
You didn't know any spells.
Your spell library was empty.

Dungeon Overview and Level Annotations

Branches:
Dungeon (3/15)

Altars:
Makhleb
Yredelemnul


Message History

The orc warrior hits you with a +0 long sword!
You hit the orc warrior.
The orc warrior is lightly wounded.
You block the orc warrior's attack.
A rat comes into view.
An orc comes into view. It is wielding a +3 falchion.
You block the orc warrior's attack. The orc hits you with a +3 falchion.
You closely miss the orc. The orc hits you but does no damage.
The orc wizard mumbles some strange words.
The orc wizard seems to speed up.
You block the orc warrior's attack.
Your shield and chain mail prevent you from hitting the orc.
You closely miss the orc warrior. The orc hits you with a +3 falchion.
The orc warrior hits you with a +0 long sword!
* * * LOW HITPOINT WARNING * * *
You hit the orc.
The orc is lightly wounded.
You closely miss the orc warrior. The orc hits you but does no damage.
The orc warrior hits you with a +0 long sword!
You die...

.##.#. ...... #....
#....# .'.... #.....
#.#.... ## ####...#.##
#.#.... ... o.#...#..#
#.#.### ##r## #o#...##.#
#.#.#.. .....
#@#...##.###.#....
....o.#o#...##..##.#....
......#o'...'รท....<#....
.._.....#...###.##.#[#'#
......#$....# #.##.).#(#
......#.....###..#.###.#
..... #..#####.....# #.#
##^## #.## #.#...###..
... ...# #.##..##...


You could see an orc warrior, 2 orc wizards and an orc.

Vanquished Creatures
  An orc wizard (D:3)
  3 gnolls (D:2)
  An adder (D:2)
  3 oozes
  3 worms (D:2)
  2 leopard geckos
  3 orcs (D:3)
  6 bats
  2 giant cockroaches (D:2)
  6 goblins
  3 hobgoblins
  6 kobolds
  2 ball pythons
  A frilled lizard (D:1)
  4 rats
46 creatures vanquished.

Notes
Turn   | Place    | Note
-------+----------+-------------------------------------------
     0 | D:1      | Balder the Hill Orc Fighter began the quest for the Orb.
     0 | D:1      | Reached XP level 1. HP: 19/19 MP: 1/1
   112 | D:1      | Reached skill level 4 in Fighting
   129 | D:1      | Reached XP level 2. HP: 24/27 MP: 2/2
   771 | D:2      | Reached XP level 3. HP: 31/34 MP: 3/3
   962 | D:2      | Reached XP level 4. HP: 27/41 MP: 4/4
  1051 | D:2      | Found a basalt altar of Yredelemnul.
  1680 | D:3      | Reached skill level 5 in Fighting
  1680 | D:3      | Reached XP level 5. HP: 38/48 MP: 5/5
  1753 | D:3      | Found a burning altar of Makhleb.
  1753 | D:3      | Noticed an orc warrior
  1769 | D:3      | Slain by an orc warrior

Skill      XL: |  1  2  3  4 |
---------------+-------------+-----
Fighting       | 4 5 |  5.0
Axes           | 3 4 |  4.8
Armour         | |  3.7
Shields        | |  3.7

Action                   |  1- 3 |  4- 6 || total
-------------------------+-------+-------++-------
Melee: War axe           |    76 |    76 ||   152
Throw: Tomahawk          |       |     1 ||     1
  Eat: Chunk             |       |     3 ||     3
Armor: Chain mail        |    66 |    36 ||   102
Dodge: Dodged            |    13 |    13 ||    26
Block: Shield            |    50 |    32 ||    82
